 Dungeon Crawl Stone Soup version 0.24-a0-251-g44e327e (webtiles) character file.

Game seed: 9725762896682161100

407 Borgoz the Cutter (level 7, -18/42 HPs)
             Began as a Kobold Gladiator on Apr 17, 2019.
             Demolished by a small abomination (20 damage)
             ... on level 2 of the Abyss.
             The game lasted 00:06:15 (2783 turns).

Borgoz the Cutter (Kobold Gladiator)                Turns: 2783, Time: 00:06:16

Health: -18/42     AC:  4    Str: 14    XL:     7   Next: 12%
Magic:  7/7        EV: 18    Int:  9    God:
Gold:   135        SH:  0    Dex: 19    Spells: 6/6 levels left

rFire    . . .     SeeInvis .   a - +0 dagger (venom)
rCold    . . .     Gourm    .   (shield restricted)
rNeg     . . .     Faith    .   b - +0 leather armour
rPois    .         Spirit   .   c - +0 helmet
rElec    .         Reflect  .   (no cloak)
rCorr    .         Harm     .   (no gloves)
MR       .....     Rnd*Tele +   (no boots)
Stlth    +++.......             (no amulet)
HPRegen  0.14/turn              p - +3 ring of dexterity
MPRegen  0.10/turn              (no ring)

@: no status effects
A: small, carnivore, teleportitis 1
a: no special abilities


You were on level 2 of the Abyss.
You were very full.

You visited 1 branch of the dungeon, and saw 4 of its levels.
You visited the Abyss 1 time.

You collected 135 gold pieces.

Inventory:

Hand Weapons
 a - a +0 dagger of venom (weapon)
 n - a +0 rapier
Missiles
 d - 2 throwing nets (quivered)
Armour
 b - a +0 leather armour (worn)
 c - a +0 helmet (worn)
Jewellery
 p - a +3 ring of dexterity (left hand)
Scrolls
 g - a scroll of enchant weapon {unknown}
 l - 3 scrolls of teleportation {unknown}
 o - 3 scrolls of remove curse {unknown}
 r - 2 scrolls of identify
 s - a scroll of noise {unknown}
Potions
 e - a potion of lignification
 h - 2 potions of might
 i - a potion of heal wounds
 j - a potion of ambrosia
 k - a potion of curing
 m - 2 potions of magic {unknown}
Comestibles
 f - 6 rations
 q - 3 chunks of flesh


   Skills:
 + Level 3.8 Fighting
 + Level 5.7 Short Blades
 - Level 2.1 Throwing
 + Level 2.2 Armour
 + Level 5.1 Dodging
 + Level 4.1 Stealth


You had 6 spell levels left.
You didn't know any spells.
Your spell library was empty.

Dungeon Overview and Level Annotations

Branches:
Dungeon (4/15)
 Temple: D:4-7

Altars:
Elyvilon
Trog


Innate Abilities, Weirdness & Mutations

You are small and have problems with some larger weapons.
You are carnivorous and can eat meat at any time.
You are occasionally teleported next to monsters.


Message History

The small abomination is lightly damaged.
The small abomination misses you.
You hit the small abomination but do no damage.
The small abomination is lightly damaged.
The small abomination completely misses you.
You hit the small abomination but do no damage.
The small abomination is lightly damaged.
The small abomination misses you.
You closely miss the small abomination.
The small abomination is lightly damaged.
The small abomination barely misses you.
The neqoxec gestures.
You hit the small abomination but do no damage.
The small abomination is lightly damaged.
The small abomination barely misses you.
You hit the small abomination.
The small abomination is lightly damaged.
The white imp grinds its teeth.
The small abomination hits you!!
You die...

# # #.. ..#
## ..# # #
....#.###5##
. ..#..
.#.3# ..
#..## #5## .
.
..#.##v##x##
.. ......##
##@# .... .
##.# ###
..3.... ##
.... ..# ≈♣≈
≈##≈≈≈ . ≈≈
≈. ## ≈# ≈#
# # ≈≈#
#≈.#.## #


You could see a neqoxec, a small abomination, an iron imp and a white imp.

Vanquished Creatures
  A phantom (D:4)
  An ogre (D:4)
  2 orc wizards (D:4)
  Terence (D:3)
  A worker ant (D:4)
  Robin (D:3)
  2 adders
  4 worms
  4 dart slugs
  2 leopard geckos
  8 orcs
  3 giant cockroaches
  17 goblins
  7 hobgoblins
  2 ball pythons
  8 bats
  6 frilled lizards
  10 kobolds
  8 rats
88 creatures vanquished.

Notes
Turn   | Place    | Note
-------+----------+-------------------------------------------
     0 | D:1      | Borgoz the Kobold Gladiator began the quest for the Orb.
     0 | D:1      | Reached XP level 1. HP: 12/12 MP: 1/1
   101 | D:1      | Reached XP level 2. HP: 16/18 MP: 2/2
   253 | D:1      | Reached skill level 1 in Stealth
   350 | D:1      | Reached XP level 3. HP: 21/22 MP: 3/3
   882 | D:2      | Found a white marble altar of Elyvilon.
  1049 | D:2      | Reached XP level 4. HP: 27/27 MP: 4/4
  1060 | D:2      | Reached skill level 1 in Armour
  1298 | D:3      | Noticed Terence
  1304 | D:3      | Killed Terence
  1540 | D:3      | Reached XP level 5. HP: 32/32 MP: 5/5
  1544 | D:3      | Noticed Robin
  1584 | D:3      | Killed Robin
  1894 | D:3      | Reached skill level 5 in Short Blades
  2051 | D:3      | Found a bloodstained altar of Trog.
  2201 | D:4      | Reached XP level 6. HP: 29/37 MP: 6/6
  2463 | D:4      | Noticed an ogre
  2477 | D:4      | Killed an ogre
  2515 | D:4      | Noticed a phantom
  2517 | D:4      | Killed a phantom
  2517 | D:4      | Reached skill level 5 in Dodging
  2517 | D:4      | Reached XP level 7. HP: 42/42 MP: 7/7
  2637 | D:4      | Cast into level 1 of the Abyss (orc)
  2688 | Abyss:2  | Noticed a small abomination
  2711 | Abyss:2  | Noticed a chaos spawn
  2739 | Abyss:2  | Noticed a neqoxec
  2742 | Abyss:2  | Noticed a blink frog
  2758 | Abyss:2  | Gained mutation: You are occasionally teleported next to
                  | monsters. [a neqoxec]
  2768 | Abyss:2  | Noticed a spatial maelstrom
  2773 | Abyss:2  | HP: 1/42 [small abomination (3)]
  2783 | Abyss:2  | Demolished by a small abomination

Levels and vault maps discovered:
D:1:      dpeg_chamrin_arrival_tetris, layout_basic, minmay_misc_feat_room,
          minmay_hexomino_p4
D:2:      layout_loops_ring, elyvilon_altar_3
D:3:      layout_loops_ring, overflow_temple_1_default, first_ration,
          uniq_robin, uniq_terence
D:4:      layout_layer_cave, chequers_temple_overflow_statue_of_worship,
          old_standard_altar, chequers_avenue, serial_bayou_ford_a
Abyss:1:  minivault_26
Abyss:2:  evilmike_abyss_exit_7, minivault_23

Skill      XL: |  1  2  3  4  5  6 |
---------------+-------------------+-----
Stealth        | 1 2 3 4 |  4.1
Dodging        | 4 5 |  5.1
Armour         | 1 2 |  2.2
Fighting       | 3 |  3.8
Short Blades   | 5 |  5.7
Throwing       | |  2.1

Action                   |  1- 3 |  4- 6 |  7- 9 || total
-------------------------+-------+-------+-------++-------
Melee: Rapier            |    87 |    84 |       ||   171
       Dagger            |       |    73 |    32 ||   105
Throw: Throwing net      |       |     1 |       ||     1
  Use: Scroll            |       |     4 |       ||     4
       Potion            |       |     1 |       ||     1
 Stab: Sleeping          |     3 |     9 |       ||    12
       Held in net/web   |       |     1 |       ||     1
  Eat: Chunk             |     3 |    10 |     1 ||    14
Armor: Leather armour    |    24 |    10 |     4 ||    38
Dodge: Dodged            |    66 |   105 |    39 ||   210

Table legend:
 A = Non-vault XP
 B = Vault XP
 C = Vault XP percentage of total XP
 D = Non-vault monster count
 E = Vault monster count
 F = Vault count percentage of total count
                 A         B        C        D         E       F
            +---------+---------+-------+---------+---------+-------
      Total |     511 |      71 |  12.2 |      75 |      13 |  14.8
            +---------+---------+-------+---------+---------+-------
        D:1 |      47 |       4 |   7.8 |      28 |       3 |   9.7
        D:2 |      22 |       0 |   0.0 |      14 |       0 |   0.0
        D:3 |      57 |      67 |  54.0 |      18 |      10 |  35.7
        D:4 |     385 |       0 |   0.0 |      15 |       0 |   0.0
            +---------+---------+-------+---------+---------+-------
